 Dungeon Crawl Stone Soup version 0.17.1-3-g152610e (webtiles) character file.

382435 theElss the Hoplite (level 22, -7/148 HPs)
             Began as a Gargoyle Berserker on Feb 25, 2016.
             Was the Champion of Trog.
             Killed from afar by an octopode crusher (36 damage)
             ... with an iron shot
             ... while paralysed by a sphinx
             ... on level 1 of the Depths on Feb 26, 2016.
             The game lasted 04:27:57 (61309 turns).

theElss the Hoplite (Gargoyle Berserker)           Turns: 61309, Time: 04:27:57

Health: -7/148     AC: 55    Str: 27    XL:     22   Next: 92%
Magic:  11/11      EV:  2    Int: 14    God:    Trog [******]
Gold:   4346       SH:  0    Dex: 10    Spells: 0 memorised, 21 levels left

rFire  + . .     SeeInvis .     x - +8 morningstar (antimagic)
rCold  . . .     Clarity  .     q - +11 crystal plate armour "Urchyfur" {+Inv Stlth+}
rNeg   + . .     SustAt   .     f - +1 shield {reflect}
rPois  ∞         Gourm    +     P - +1 helmet {Int+3}
rElec  +         Spirit   .     Y - +1 cloak
rCorr  .         Warding  .     d - +0 pair of gloves
rMut   .         Stasis   .     G - +0 pair of boots
MR     ++...                    A - amulet of the gourmand
Stlth  ..........               Z - ring of protection from fire
                                j - ring of protection from magic

@: paralysed, corroded equipment, flying, drained, very resistant to hostile
enchantments, extremely unstealthy
A: big wings, negative energy resistance 1, electricity resistance, unbreathing,
petrification resistance, rot immunity, AC +16
a: Stop Flying, Berserk, Trog's Hand, Brothers in Arms, Burn Spellbooks,
Renounce Religion, Evoke Invisibility
}: 2/15 runes: decaying, serpentine


You were on level 1 of the Depths.
You worshipped Trog.
Trog was exalted by your worship.
You were very full.

You visited 9 branches of the dungeon, and saw 44 of its levels.
You also visited: Labyrinth, Ossuary and Ice Cave.

You collected 5365 gold pieces.
You spent 1019 gold pieces at shops.

Inventory:

Hand Weapons
 u - a +7 eveningstar of protection
 x - a +8 antimagic morningstar (weapon)
Armour
 d - a +0 pair of gloves (worn)
 f - a +1 shield of reflection (worn)
 q - the +11 crystal plate armour "Urchyfur" (worn) {+Inv Stlth+}
   (You found it in an ice cave)

   It lets you turn invisible.
   It makes you more stealthy.
 w - a +0 large shield
 G - a +0 pair of boots (worn)
 P - a +1 helmet of intelligence (worn)
 Y - a +1 cloak (worn)
Jewellery
 a - an uncursed amulet of clarity
 j - a ring of protection from magic (left hand)
 A - an amulet of the gourmand (around neck)
 O - an uncursed amulet of guardian spirit
 Q - an uncursed amulet of resist mutation
 R - an uncursed amulet of resist corrosion
 U - an uncursed ring of protection from cold
 W - an uncursed amulet of warding
 Z - a ring of protection from fire (right hand)
Wands
 c - a wand of fireball (7)
 H - a wand of lightning (5)
 I - a wand of teleportation (4)
 N - a wand of slowing (34)
 V - a wand of fire (12)
 X - a wand of teleportation (4)
Scrolls
 e - 19 scrolls of remove curse
 n - 13 scrolls of teleportation
 p - 9 scrolls of blinking
 s - 5 scrolls of fear
 B - 3 scrolls of fog
 E - 14 scrolls of identify
 M - 9 scrolls of magic mapping
 S - a scroll of holy word
Potions
 g - 5 potions of cancellation
 k - 7 potions of haste
 y - a potion of resistance
 D - 11 potions of heal wounds
 J - 2 potions of might
 K - 17 potions of curing
Miscellaneous
 b - a disc of storms
 h - a lamp of fire
 l - a box of beasts
 m - a fan of gales
 o - a sack of spiders
 v - a lamp of fire
Comestibles
 i - 12 meat rations
 r - 2 chunks of flesh
 F - 16 bread rations


   Skills:
 + Level 18.9(18.4) Fighting
 + Level 19.3(18.8) Maces & Flails
 + Level 14.3(13.9) Armour
 - Level 2.4(2.1) Dodging
 - Level 0.2(0.0) Stealth
 + Level 22.0(21.5) Shields
 * Level 15.3(14.9) Evocations


You had 21 spell levels left.
You didn't know any spells.

Dungeon Overview and Level Annotations

Branches:
Dungeon (15/15)            Temple (1/1) D:6            Lair (8/8) D:10
  Swamp (4/4) Lair:4        Snake (4/4) Lair:6        Slime (0/6) Lair:8
    Orc (4/4) D:11            Elf (3/3) Orc:3        Vaults (4/5) D:14
  Crypt (0/3) Vaults:3     Depths (1/5) D:15

Altars:
Ashenzari
Cheibriados
Dithmenos
Elyvilon
Fedhas
Gozag
Kikubaaqudgha
Makhleb
Nemelex Xobeh
Ru
Sif Muna
Vehumet
Xom
Yredelemnul
Zin
The Shining One
Beogh

Shops:
D:8 **%[   D:11 :   Orc:3 %   Orc:4 *}:[   Snake:1 (   Snake:4 (:=   Vaults:1 =
Vaults:4 =

Annotations:
Depths:1 Sojobo


Innate Abilities, Weirdness & Mutations

You are resistant to torment.
Your stone body is resilient (AC +16).
You are immune to poison.
Your large and strong wings let you fly indefinitely.
You resist negative energy.
You are resistant to electric shocks.
You can survive without breathing.
You are immune to petrification.
You are immune to rotting.


Message History

The iron shot hits you! The sphinx hits you but does no damage.
The sphinx hits you but does no damage. x2
Sojobo, King of Tengu comes into view.
He is wielding a great sword of electrocution.
The sphinx hits you! The sphinx hits you but does no damage.
The sphinx hits you.
The octopode crusher stares at you and mumbles some strange words.
The iron shot hits you!
* * * LOW HITPOINT WARNING * * *
The sphinx hits you but does no damage. x3
Sojobo drinks a potion.
Sojobo suddenly seems more agile.
The octopode crusher casts a spell at you.
The iron shot hits you! The sphinx hits you.
* * * LOW HITPOINT WARNING * * *
The sphinx hits you but does no damage. x2
The sphinx hits you but does no damage. x3
Sojobo mumbles some strange words.
The octopode crusher casts a spell at you.
The iron shot hits you!
You die...

#.. #.≈≈≈
#... #.E.
#...###..C
##......Q##
#$.8..(8..##
......*Q*.E#
.....8Qx...#
..>....@H..#
.....8.....#
...........#
#..8...8..##
##.......##
####.....
######


You could see Sojobo, an octopode crusher, a sphinx, 2 tengu reavers, an ettin
and 2 air elementals.

Vanquished Creatures
  Saint Roka (Elf:3)
  Vashnia (Snake:3)
  Nikola (Swamp:2)
  A tentacled monstrosity (Vaults:1)
  A lich (Vaults:3)
  Asterion (Elf:3)
  3 deep elf blademasters
  A deep elf master archer (Elf:3)
  3 sphinxes
  Gastronok (Lair:3)
  A thorn hunter (Swamp:3)
  5 greater nagas (Snake:4)
  A storm dragon (Vaults:4)
  Wiglaf (Vaults:4)
  9 vault wardens
  Maud (Lair:3)
  2 frost giants
  6 deep elf sorcerers
  Louise (Elf:3)
  13 ironheart preservers
  6 stone giants
  Nessos (Orc:3)
  4 deep elf demonologists (Elf:3)
  11 deep elf annihilators
  3 salamander stormcallers
  2 very ugly things
  A crystal guardian (Vaults:4)
  2 ettins
  10 vault guards
  4 deep elf death magi (Elf:3)
  11 yaktaur captains
  A minotaur (Lab)
  3 deep elf high priests (Elf:3)
  4 great orbs of eyes
  3 fire dragons
  A ghost crab (Swamp:4)
  Harold (Lair:1)
  5 ice dragons
  13 ogre magi
  A rakshasa (Vaults:2)
  16 hydras
  21 naga warriors
  Erica (Lair:2)
  An alligator (shapeshifter) (Vaults:1)
  12 dancing weapons (Elf:2)
  17 alligators
  8 centaur warriors
  2 death knights (Vaults:3)
  3 tengu warriors
  21 death yaks
  3 catoblepae (Lair:8)
  A deep troll earth mage (Vaults:1)
  7 anacondas
  A queen ant (Lair:8)
  10 shock serpents
  14 naga sharpshooters
  Urug (D:10)
  20 deep elf knights
  Sonja (D:10)
  Nergalle (Lair:1)
  A fire crab (Vaults:2)
  4 skeletal warriors (Vaults:1)
  An unseen horror (shapeshifter) (D:12)
  4 ice devils (IceCv)
  7 sea snakes (Snake:4)
  3 unseen horrors
  A wizard (D:14)
  A small abomination (Elf:1)
  A spriggan druid (Swamp:4)
  A giant orange brain (Depths:1)
  2 flayed ghosts (Vaults:2)
  2 salamander mystics (Snake:4)
  8 swamp dragons
  4 shambling mangroves
  A phantasmal warrior (Vaults:4)
  The ghost of SaintRoka the Chopper, a novice NaBe of Trog (D:6)
  12 deep elf summoners
  A giant orange brain (shapeshifter) (Vaults:4)
  2 naga ritualists
  A lindwurm (Lair:8)
  10 deep trolls
  6 ironbrand convokers
  18 hill giants
  12 orc knights
  2 orc sorcerers (Elf:3)
  18 deep elf conjurers
  8 cyclopes
  11 mana vipers
  8 griffons
  17 ugly things
  5 necromancers
  5 hornets
  A tengu skeleton (Vaults:4)
  3 wolf spiders
  2 manticores (D:14)
  19 naga magi
  13 salamanders
  15 elephants
  A guardian serpent (shapeshifter) (D:13)
  12 vault sentinels
  Maurice (Orc:3)
  A black mamba (shapeshifter) (Vaults:4)
  44 black mambas
  9 guardian serpents
  3 ice statues (IceCv)
  A gargoyle (D:14)
  17 spiny frogs
  4 kobold demonologists
  23 yaktaurs
  3 fire drakes
  An efreet (D:15)
  7 blue devils (IceCv)
  19 deep elf priests
  8 komodo dragons
  12 trolls
  4 giant leeches
  2 jumping spiders
  2 polar bears
  A blink frog (shapeshifter) (Vaults:4)
  2 freezing wraiths
  Prince Ribbit (D:7)
  9 bog bodies
  22 two-headed ogres
  19 blink frogs
  A harpy skeleton (D:14)
  5 boulder beetles
  5 spriggans
  25 slime creatures
  2 salamander simulacra
  2 wyverns (D:11)
  2 trapdoor spiders
  A tarantella (Vaults:2)
  64 yaks
  2 spriggans (shapeshifter)
  5 wraiths
  3 shadows
  10 redbacks
  55 deep elf fighters
  A basilisk (D:13)
  A vampire (D:15)
  19 hippogriffs
  Eustachio (D:4)
  38 vampire mosquitoes
  A human (shapeshifter) (Vaults:4)
  34 deep elf magi
  2 steam dragons
  A hungry ghost (D:7)
  Menkaure (D:4)
  62 nagas
  18 insubstantial wisps
  2 mottled dragons
  9 wargs
  Edmund (D:4)
  5 soldier ants (Lair:8)
  22 swamp worms
  18 wolves
  3 ice beasts
  14 water moccasins
  10 porcupines
  A black bear (D:8)
  2 sky beasts
  3 eyes of draining
  15 swamp drakes
  A tengu (shapeshifter) (Vaults:3)
  34 orc warriors
  63 ogres
  21 crocodiles
  An ogre (shapeshifter) (Vaults:4)
  A phantom (D:10)
  17 wasps
  3 boggarts (Vaults:1)
  A necrophage (D:9)
  19 centaurs
  9 big kobolds
  23 giant frogs
  2 brain worms
  A glowing shapeshifter simulacrum (Vaults:2)
  9 scorpions
  A water moccasin skeleton (D:6)
  8 wights
  4 killer bees (D:12)
  2 electric eels
  A draconian simulacrum (IceCv)
  A wasp zombie (D:12)
  4 centaur skeletons
  7 centaur zombies
  11 crimson imps
  3 giant frog skeletons
  2 human simulacra
  4 giant frog zombies
  4 human zombies
  12 orc priests
  A hound (D:12)
  A jelly (D:11)
  A gnoll shaman (D:8)
  2 troll simulacra (IceCv)
  13 iguanas
  An iguana (shapeshifter) (D:12)
  22 orc wizards
  2 quasits
  19 worker ants
  2 spriggan simulacra (IceCv)
  2 killer bee zombies
  18 sheep
  4 big kobold zombies (Ossuary)
  3 centaur simulacra (IceCv)
  A hound zombie (D:5)
  3 mummies (Ossuary)
  A naga simulacrum (IceCv)
  An ogre simulacrum (IceCv)
  7 scorpion zombies (Ossuary)
  2 worker ant zombies
  11 adders
  14 gnolls
  43 river rats
  5 shadow imps
  2 oozes
  2 adder skeletons (D:8)
  4 worms
  8 giant geckos
  139 orcs
  5 ball pythons
  7 giant cockroaches
  A gnoll zombie (Ossuary)
  7 goblins
  11 hobgoblins
  3 jackals (D:5)
  23 kobolds
  9 bats
  A giant gecko zombie (D:9)
  7 giant newts
  4 goblin zombies (Ossuary)
  3 hobgoblin zombies (Ossuary)
  2 kobold zombies (Ossuary)
  An orc zombie (Ossuary)
  7 quokkas
  A quokka zombie (D:7)
  5 rats
  4 crawling corpses (Elf:3)
  5 fungi
  2 plants (Lair:8)
1938 creatures vanquished.

Vanquished Creatures (collateral kills)
  The ghost of SaintRoka the Warrior, an adept DrCK of Cheibriados (Swamp:4)
  A slime creature (Swamp:4)
  A swamp drake (Swamp:4)
3 creatures vanquished.

Vanquished Creatures (others)
  A deep elf master archer (Elf:3)
  An ettin (Vaults:4)
  A naga sharpshooter (Snake:3)
  A deep elf knight (Vaults:3)
  A shadow wraith (Vaults:3)
  A spriggan druid (Swamp:4)
  An ugly thing (D:14)
  2 cyclopes
  A hornet (Swamp:4)
  4 yaktaurs
  A tengu conjurer (D:15)
  A troll (D:14)
  4 deep elf fighters
  A swamp worm (Swamp:2)
  An ogre (Elf:3)
  2 boggarts (Vaults:1)
  2 scorpions (Ossuary)
  A crimson imp (D:5)
  A river rat (Lair:7)
  12 fungi
  8 plants
48 creatures vanquished.

Grand Total: 1989 creatures vanquished

Notes
Turn   | Place    | Note
--------------------------------------------------------------
     0 | D:1      | theElss the Gargoyle Berserker began the quest for the Orb.
     0 | D:1      | Reached XP level 1. HP: 14/14 MP: 1/1
   474 | D:1      | Reached XP level 2. HP: 19/19 MP: 2/2
  1116 | D:2      | Reached ** piety under Trog
  1116 | D:2      | Reached XP level 3. HP: 23/23 MP: 3/3
  1592 | D:2      | Reached XP level 4. HP: 26/29 MP: 4/4
  2117 | D:3      | Reached skill level 1 in Shields
  2152 | D:3      | Reached XP level 5. HP: 33/33 MP: 5/5
  2199 | D:3      | Reached skill level 4 in Maces & Flails
  2222 | D:3      | Found a shimmering altar of Xom.
  2488 | D:3      | Found a faded altar to an unknown god.
  2859 | D:4      | Noticed Eustachio
  2923 | D:4      | Killed Eustachio
  2923 | D:4      | Reached XP level 6. HP: 38/38 MP: 6/6
  2988 | D:4      | Found a sacrificial altar of Ru.
  3039 | D:4      | Noticed Edmund
  3054 | D:4      | Killed Edmund
  3054 | D:4      | Reached XP level 7. HP: 43/43 MP: 7/7
  3206 | D:4      | Noticed Menkaure
  3212 | D:4      | Killed Menkaure
  3212 | D:4      | Reached skill level 5 in Maces & Flails
  3384 | D:5      | Entered Level 5 of the Dungeon
  3452 | D:5      | Reached skill level 5 in Shields
  3661 | D:5      | Found a basalt altar of Yredelemnul.
  3664 | D:5      | Noticed a profane servitor
  3671 | D:5      | Found a glowing golden altar of the Shining One.
  3676 | D:5      | Noticed an angel
  4221 | D:6      | Reached XP level 8. HP: 31/48 MP: 8/8
  4230 | D:6      | Found a shattered altar of Ashenzari.
  4292 | D:6      | Found a sand-covered staircase.
  4310 | Ossuary  | Entered an ossuary
  4353 | Ossuary  | Reached skill level 6 in Shields
  4663 | Ossuary  | Reached skill level 7 in Shields
  4922 | D:6      | Reached *** piety under Trog
  4922 | D:6      | Reached skill level 5 in Fighting
  4922 | D:6      | Reached skill level 8 in Shields
  4930 | D:6      | Found a snail-covered altar of Cheibriados.
  5022 | D:6      | Noticed SaintRoka's ghost (novice NaBe)
  5027 | D:6      | Reached XP level 9. HP: 54/54 MP: 9/9
  5041 | D:6      | Killed SaintRoka's ghost
  5041 | D:6      | Reached skill level 5 in Armour
  5041 | D:6      | Reached skill level 9 in Shields
  5210 | D:6      | Found a staircase to the Ecumenical Temple.
  5481 | D:7      | Noticed Prince Ribbit
  5644 | D:7      | Found a sparkling altar of Nemelex Xobeh.
  5749 | D:7      | Noticed a hill giant
  5760 | D:7      | Found a radiant altar of Vehumet.
  5779 | D:7      | Killed a hill giant
  5779 | D:7      | Reached skill level 10 in Shields
  5779 | D:7      | Reached XP level 10. HP: 39/59 MP: 10/10
  5981 | D:7      | Killed Prince Ribbit
  6308 | D:7      | Found an opulent altar of Gozag.
  6511 | D:7      | Reached skill level 11 in Shields
  6651 | D:8      | Found Jufaj's Food Emporium.
  6704 | D:8      | Reached **** piety under Trog
  6881 | D:8      | Found Guilu's Antique Armour Boutique.
  6883 | D:8      | Noticed a hill giant
  6892 | D:8      | Killed a hill giant
  7018 | D:8      | Found Jugeqita's Assorted Antiques.
  7024 | D:8      | Found Tuuggowo's Assorted Antiques.
  7032 | D:8      | Bought a pair of translucent boots for 209 gold pieces
  7037 | D:8      | Identified the cursed -4 pair of boots "Obewe" {Dex+5} (You bought it in a shop on level 8 of the Dungeon)
  7231 | D:8      | Got an ancient rapier
  7669 | D:9      | Found a deep blue altar of Sif Muna.
  7975 | D:9      | Found a shadowy altar of Dithmenos.
  7975 | D:9      | Found an ancient bone altar of Kikubaaqudgha.
  8139 | D:10     | Entered Level 10 of the Dungeon
  8230 | D:9      | Reached skill level 12 in Shields
  8460 | D:10     | Reached ***** piety under Trog
  8572 | D:10     | Noticed Sonja
  8596 | D:10     | Found a staircase to the Lair.
  8779 | D:10     | Reached XP level 11. HP: 66/66 MP: 11/11
  8812 | D:10     | Noticed a hill giant
  8833 | D:10     | Killed a hill giant
  8871 | D:10     | Got an ichor-stained whip
  8872 | D:10     | Identified the +1 whip of the Tiger {slash, +Rage rN++ Str-4} (You found it on level 10 of the Dungeon)
  8910 | D:10     | Noticed a hill giant
  8926 | D:10     | Killed a hill giant
  9050 | D:10     | Reached skill level 10 in Maces & Flails
  9148 | D:10     | Noticed Urug
  9173 | D:10     | Killed Urug
  9636 | D:8      | Received a gift from Trog
  9762 | Temple   | Entered the Ecumenical Temple
  9984 | D:8      | You fall through a shaft for 3 floors!
 10409 | D:11     | Found a staircase to the Orcish Mines.
 10425 | D:11     | Found a roughly hewn altar of Beogh.
 10505 | D:11     | Noticed a hill giant
 10526 | D:11     | Killed a hill giant
 10705 | D:11     | Noticed a hill giant
 10719 | D:11     | Killed a hill giant
 10850 | D:11     | Noticed a hill giant
 10860 | D:11     | Killed a hill giant
 10965 | D:11     | Found Zuageucw's Book Shoppe.
 11329 | D:12     | Reached XP level 12. HP: 62/73 MP: 8/12
 11674 | D:12     | Noticed a hill giant
 11685 | D:12     | Killed a hill giant
 11960 | D:12     | Noticed a hill giant
 11993 | D:12     | Received a gift from Trog
 12116 | D:12     | Killed a hill giant
 12116 | D:12     | Reached skill level 13 in Maces & Flails
 12676 | D:13     | Noticed a centaur warrior
 12687 | D:13     | Killed a centaur warrior
 12870 | D:12     | Reached skill level 14 in Maces & Flails
 13226 | D:13     | Reached XP level 13. HP: 80/80 MP: 3/13
 13647 | D:13     | Received a gift from Trog
 13688 | D:14     | Found a glowing silver altar of Zin.
 13794 | D:14     | Reached skill level 10 in Fighting
 13817 | D:14     | Found a blossoming altar of Fedhas.
 13964 | D:14     | Reached skill level 15 in Maces & Flails
 14529 | D:14     | Found a gate to the Vaults.
 14977 | D:15     | Entered Level 15 of the Dungeon
 14996 | D:15     | Noticed an ettin
 15016 | D:15     | Killed an ettin
 15035 | D:14     | Reached skill level 16 in Maces & Flails
 15237 | D:15     | Gained mutation: Your large and strong wings let you fly indefinitely. [Gargoyle growth]
 15237 | D:15     | Reached XP level 14. HP: 88/88 MP: 14/14
 15800 | D:15     | Received a gift from Trog
 15808 | D:15     | Identified 4 scrolls of acquirement
 15910 | D:15     | Found a staircase to the Depths.
 16169 | D:10     | Killed Sonja
 16335 | Lair:1   | Entered Level 1 of the Lair of Beasts
 16425 | Lair:1   | Reached skill level 17 in Maces & Flails
 16668 | Lair:1   | Noticed Harold
 16695 | Lair:1   | Killed Harold
 16836 | Lair:1   | Noticed Nergalle
 16847 | Lair:1   | Killed Nergalle
 17965 | Lair:2   | Noticed Erica
 17981 | Lair:2   | Killed Erica
 19119 | Lair:2   | Reached ****** piety under Trog
 19393 | Lair:3   | Received a gift from Trog
 19530 | Lair:3   | Noticed Gastronok
 19545 | Lair:3   | Killed Gastronok
 20045 | Lair:3   | Noticed Maud
 20079 | Lair:3   | Killed Maud
 20086 | Lair:3   | Reached XP level 15. HP: 96/96 MP: 15/15
 20263 | Lair:3   | Reached skill level 18 in Maces & Flails
 20589 | Lair:4   | Found a staircase to the Swamp.
 20922 | Lair:4   | Reached skill level 10 in Armour
 21044 | Lair:4   | Found a shattered altar of Ashenzari.
 21347 | Lair:5   | Reached skill level 1 in Evocations
 22007 | Lair:6   | Received a gift from Trog
 22016 | Lair:6   | Found a staircase to the Snake Pit.
 22317 | Lair:6   | Found a labyrinth entrance.
 22366 | Lab      | Entered a labyrinth
 22713 | Lab      | Identified the Handbook of Floating Aid
 22726 | Lab      | Got a steaming plate armour
 22752 | Lair:6   | Identified the +10 plate armour of Yxyfal {rF+ Dex-5 SInv Stlth+} (You found it in a labyrinth)
 22798 | Lair:6   | Reached skill level 5 in Evocations
 23781 | Lair:7   | Got a spiked plate armour
 24541 | Lair:8   | Entered Level 8 of the Lair of Beasts
 24584 | Lair:8   | Received a gift from Trog
 24847 | Lair:8   | Found a staircase to the Slime Pits.
 25240 | Lair:8   | Found a frozen archway.
 25296 | IceCv    | Entered an ice cave
 25663 | IceCv    | Got a shimmering crystal plate armour
 25878 | IceCv    | Identified the +9 plate armour of Optimism {rF+ Int+4} (You found it on level 7 of the Lair of Beasts)
 25888 | IceCv    | Identified the +11 crystal plate armour "Urchyfur" {+Inv Stlth+} (You found it in an ice cave)
 26171 | Lair:8   | Received a gift from Trog
 26321 | Lair:8   | Reached skill level 10 in Evocations
 26321 | Lair:8   | Reached XP level 16. HP: 98/101 MP: 21/23
 27844 | Orc:1    | Entered Level 1 of the Orcish Mines
 27844 | Orc:1    | Found a roughly hewn altar of Beogh.
 28037 | Orc:1    | Received a gift from Trog
 28826 | Orc:3    | Found Nummyij's Food Boutique.
 28935 | Orc:3    | Noticed Nessos
 28944 | Orc:3    | Noticed Maurice
 28962 | Orc:3    | Killed Maurice
 28997 | Orc:3    | Killed Nessos
 29073 | Orc:3    | Found a staircase to the Elven Halls.
 29237 | Orc:3    | Found a roughly hewn altar of Beogh.
 29419 | Orc:4    | Entered Level 4 of the Orcish Mines
 29467 | Orc:4    | Received a gift from Trog
 29766 | Orc:4    | Found Fuiv's Gadget Emporium.
 30133 | Orc:4    | Found Faddolacha's Armour Emporium.
 30133 | Orc:4    | Found Joataf's General Store.
 30143 | Orc:4    | Found Waifaul's Book Shoppe.
 30156 | Orc:4    | Received a gift from Trog
 31063 | D:14     | Got an ancient robe
 31416 | D:8      | Bought a steaming hat for 270 gold pieces
 31426 | D:8      | Identified the +3 hat "Zeittet" {Int+4} (You bought it in a shop on level 8 of the Dungeon)
 31678 | Swamp:1  | Entered Level 1 of the Swamp
 32434 | Swamp:1  | Reached XP level 17. HP: 109/109 MP: 8/25
 32791 | Swamp:2  | Noticed Nikola
 32793 | Swamp:2  | Received a gift from Trog
 32830 | Swamp:2  | Killed Nikola
 33168 | Swamp:2  | Reached skill level 15 in Shields
 34506 | Swamp:4  | Entered Level 4 of the Swamp
 34911 | Swamp:4  | Noticed SaintRoka's ghost (adept DrCK)
 35483 | Snake:1  | Entered Level 1 of the Snake Pit
 35696 | Snake:1  | Received a gift from Trog
 35699 | Snake:1  | Got a faintly glowing morningstar {god gift}
 35700 | Snake:1  | Identified the +3 morningstar of the Median {flame, *Rage rPois rF++ MR+} (Trog gifted it to you on level 1 of the Snake Pit)
 35923 | Snake:1  | Found Kywill's Weapon Shoppe.
 36094 | Snake:1  | Found a white marble altar of Elyvilon.
 37417 | Snake:2  | Reached XP level 18. HP: 107/116 MP: 26/26
 37523 | Snake:2  | Received a gift from Trog
 38731 | Swamp:4  | Killed SaintRoka's ghost
 38767 | Swamp:4  | Got a decaying rune of Zot
 39686 | Snake:3  | Received a gift from Trog
 39798 | Snake:3  | Noticed Vashnia
 39842 | Snake:3  | Killed Vashnia
 40249 | Snake:3  | Reached skill level 15 in Fighting
 40864 | Snake:4  | Entered Level 4 of the Snake Pit
 41079 | Snake:4  | Received a gift from Trog
 41509 | Snake:4  | Reached XP level 19. HP: 75/124 MP: 28/28
 41779 | Snake:4  | Found Votax's Antique Weapon Shoppe.
 41860 | Snake:4  | Found Yntonaepa's Jewellery Shoppe.
 41979 | Snake:4  | Bought an uncursed amulet of the gourmand for 540 gold pieces
 42170 | Snake:4  | Found Xisuqomi's Book Boutique.
 42788 | Snake:4  | Received a gift from Trog
 43514 | Snake:4  | Got a serpentine rune of Zot
 44321 | Lair:6   | Reached skill level 19 in Shields
 44586 | Vaults:1 | Entered Level 1 of the Vaults
 44605 | Vaults:1 | Received a gift from Trog
 45408 | Vaults:1 | Found Uwkocsuyr's Jewellery Boutique.
 45832 | Vaults:1 | Reached XP level 20. HP: 114/132 MP: 29/29
 46512 | Vaults:1 | Received a gift from Trog
 47260 | Vaults:2 | Reached skill level 20 in Shields
 47594 | Vaults:2 | Received a gift from Trog
 47844 | Vaults:2 | Found a burning altar of Makhleb.
 48313 | Vaults:2 | Received a gift from Trog
 49666 | Vaults:3 | Found a staircase to the Crypt.
 49971 | Vaults:3 | Reached XP level 21. HP: 136/140 MP: 31/31
 52193 | Vaults:4 | Received a gift from Trog
 52287 | Vaults:4 | Found Ekual's Jewellery Emporium.
 52378 | Vaults:4 | Noticed Wiglaf
 52393 | Vaults:4 | Killed Wiglaf
 52783 | Vaults:3 | Reached skill level 21 in Shields
 53304 | Vaults:4 | Received a gift from Trog
 55013 | Elf:1    | Entered Level 1 of the Elven Halls
 55041 | Elf:1    | Found a radiant altar of Vehumet.
 55139 | Elf:1    | Received a gift from Trog
 55636 | Elf:1    | Identified the Almanac of Battle Magic and the Volcanoes
 55669 | Elf:1    | Received a gift from Trog
 55750 | Elf:1    | Reached XP level 22. HP: 137/148 MP: 11/33
 56238 | Elf:2    | Found a runed gate.
 56412 | Elf:2    | Received a gift from Trog
 56627 | Elf:2    | Found a runed gate.
 56639 | Elf:2    | Found a runed gate.
 57347 | Elf:3    | Entered Level 3 of the Elven Halls
 57541 | Elf:3    | Received a gift from Trog
 57662 | Elf:3    | Reached skill level 15 in Evocations
 57759 | Elf:3    | Noticed Asterion
 57796 | Elf:3    | Killed Asterion
 58053 | Elf:3    | Noticed Louise
 58067 | Elf:3    | Killed Louise
 58546 | Elf:3    | Received a gift from Trog
 58823 | Elf:3    | Noticed Saint Roka
 59171 | Elf:3    | Killed Saint Roka
 59751 | Elf:3    | Reached skill level 22 in Shields
 59950 | Elf:3    | Received a gift from Trog
 59971 | Elf:3    | Got a warped war axe {chop}
 59972 | Elf:3    | Identified the +1 war axe "Biakh" {chop, *Rage rPois MP+9 Dex+4} (You took it off a deep elf annihilator on level 3 of the Elven Halls)
 60349 | Elf:3    | Got a faintly glowing halberd {chop}
 61294 | Depths:1 | Entered Level 1 of the Depths
 61304 | Depths:1 | Paralysed by a sphinx for 6 turns
 61306 | Depths:1 | Noticed Sojobo
 61309 | Depths:1 | Killed from afar by an octopode crusher

Action                   |  1- 3 |  4- 6 |  7- 9 | 10-12 | 13-15 | 16-18 | 19-21 | 22-24 || total
-------------------------+-------+-------+-------+-------+-------+-------+-------+-------++-------
Melee: Mace              |   126 |    72 |       |       |       |       |       |       ||   198
       Whip              |       |    65 |   492 |   520 |       |       |       |       ||  1077
       Morningstar       |       |       |       |   572 |  2136 |   656 |   422 |   812 ||  4598
       Eveningstar       |       |       |       |       |       |  2149 |  2065 |       ||  4214
Invok: Berserk           |     2 |     4 |     5 |    17 |     8 |     8 |     1 |     3 ||    48
       Trog's Hand       |       |       |       |       |     3 |     2 |     1 |     2 ||     8
       Brothers in Arms  |       |       |       |       |       |     3 |       |       ||     3
 Abil: Fly               |       |       |       |       |     1 |     4 |       |       ||     5
  Use: Scroll            |       |       |       |    18 |     8 |     4 |     2 |     1 ||    33
 Stab: Distracted        |       |       |       |       |       |     1 |       |       ||     1
  Eat: Chunk             |     4 |     8 |    11 |    40 |    50 |    46 |    68 |    21 ||   248
       Royal jelly       |       |       |     1 |       |       |       |       |       ||     1
       Fruit             |       |       |     2 |       |     2 |     7 |       |       ||    11
       Beef jerky        |       |       |       |     1 |       |     2 |       |       ||     3
       Meat ration       |       |       |       |     1 |       |     1 |       |       ||     2
       Pizza             |       |       |       |       |       |     1 |       |       ||     1
